General information
- name: BNet
- type: Ladder team game (AT/RT)
- host: Battle.net
- saver: OldCrystalbark
map: FullScaleAssault
- players: 8
- length: 72:10
- speed: Fast
- version: 1.26 W3XP
- replay type: Public
» download(515 KB)
Players
team 1 (winner)

»
MulletInAction (
orange | 55 APM | 3976 actions | 72:09)
10 Warden
3 Shadow Strike
3 Fan of Knives
1 Spirit of Vengeance
3 Blink
» actions
| Assign group hotkey | 1135 | |
| Basic commands | 56 | |
| Build / train | 82 | |
| Enter build submenu | 22 | |
| Enter hero's abilities submenu | 10 | |
| Give item / drop item | 2 | |
| Right click | 1529 | |
| Select / deselect | 516 | |
| Select group hotkey | 493 | |
| Use ability | 129 | |
3976 total
» units
| Wisp | 14 | |
| Archer | 4 | |
| Huntress | 5 | |
| Dryad | 12 | |
| Druid of the Claw | 15 | |
| Mountain Giant | 1 | |
| Goblin Zeppelin | 2 | |
53 total
» upgrades
| Strength of the Wild | 3 | |
| Reinforced Hides | 3 | |
| Abolish Magic | 1 | |
| Druid of the Claw Training | 2 | |
| Well Spring | 1 | |
| Mark of the Claw | 1 | |
| Hardened Skin | 1 | |
12 total
» buildings
| Altar of Elders | 1 | |
| Moon Well | 8 | |
| Ancient of War | 1 | |
| Hunter's Hall | 1 | |
| Ancient of Wonders | 1 | |
| Ancient Protector | 2 | |
| Tree of Ages | 1 | |
| Tree of Eternity | 1 | |
| Ancient of Lore | 2 | |
| Tree of Life | 2 | |
20 total
» build order
00:10 Altar of Elders
00:16 Moon Well
00:52 Ancient of War
01:37 Moon Well
02:21 Hunter's Hall
02:33 Ancient of Wonders
03:16 Moon Well
03:31 Ancient Protector
04:38 Tree of Ages
06:17 Moon Well
07:06 Tree of Eternity
07:13 Ancient of Lore
08:27 Ancient of Lore
10:22 Moon Well
11:24 Moon Well
18:59 Moon Well
21:07 Moon Well
21:44 Ancient Protector
31:51 Tree of Life
65:02 Tree of Life
» items
| Orb of Lightning | 1 | |
| Scroll of Town Portal | 2 | |
| Staff of Teleportation | 1 | |
4 total

»
OldCrystalbark (
teal | 55 APM | 3988 actions | 72:10)
10 Pandaren Brewmaster
3 Breath of Fire
3 Drunken Haze
1 Storm Earth and Fire
3 Drunken Brawler
» actions
| Assign group hotkey | 754 | |
| Basic commands | 295 | |
| Build / train | 129 | |
| ESC pressed | 14 | |
| Enter build submenu | 40 | |
| Enter hero's abilities submenu | 10 | |
| Give item / drop item | 6 | |
| Remove unit from queue | 5 | |
| Right click | 1390 | |
| Select / deselect | 450 | |
| Select group hotkey | 597 | |
| Use ability | 298 | |
3988 total
» units
| Wisp | 52 | |
| Archer | 3 | |
| Huntress | 2 | |
| Chimaera | 17 | |
| Dryad | 6 | |
| Goblin Zeppelin | 1 | |
81 total
» upgrades
| Ultravision | 1 | |
| Strength of the Wild | 3 | |
| Reinforced Hides | 3 | |
| Nature's Blessing | 1 | |
| Sentinel | 1 | |
| Well Spring | 1 | |
| Corrosive Breath | 1 | |
| Abolish Magic | 1 | |
| Vorpal Blades | 1 | |
13 total
» buildings
| Moon Well | 7 | |
| Altar of Elders | 1 | |
| Ancient of War | 2 | |
| Ancient of Wonders | 1 | |
| Hunter's Hall | 1 | |
| Tree of Life | 6 | |
| Tree of Ages | 2 | |
| Ancient of Wind | 1 | |
| Tree of Eternity | 2 | |
| Chimaera Roost | 5 | |
| Ancient Protector | 9 | |
| Ancient of Lore | 3 | |
40 total
» build order
00:23 Moon Well
00:34 Altar of Elders
00:49 Moon Well
01:54 Ancient of War
02:04 Moon Well
02:19 Ancient of Wonders
02:28 Moon Well
03:11 Hunter's Hall
03:31 Moon Well
04:23 Ancient of War
04:25 Tree of Life
05:25 Tree of Ages
05:58 Tree of Life
07:54 Ancient of Wind
09:40 Tree of Eternity
12:55 Chimaera Roost
13:22 Chimaera Roost
13:24 Chimaera Roost
13:27 Chimaera Roost
13:29 Chimaera Roost
15:31 Tree of Life
15:52 Tree of Life
16:56 Moon Well
17:00 Moon Well
21:24 Ancient Protector
21:26 Ancient Protector
21:37 Ancient Protector
22:08 Ancient Protector
22:10 Ancient Protector
22:13 Ancient Protector
22:17 Ancient Protector
25:40 Tree of Life
26:08 Ancient Protector
26:09 Ancient Protector
35:50 Tree of Life
36:26 Ancient of Lore
36:29 Ancient of Lore
36:59 Ancient of Lore
40:42 Tree of Ages
50:34 Tree of Eternity
» items
| Moonstone | 1 | |
| Lesser Clarity Potion | 4 | |
| Healing Salve | 3 | |
| Orb of Lightning | 1 | |
| Tiny Great Hall | 1 | |
| Staff of Preservation | 1 | |
| Scroll of Town Portal | 4 | |
15 total

»
RICK_PERRY_LOL (
red | 59 APM | 4201 actions | 71:31)
9 Blademaster
3 Wind Walk
3 Critical Strike
1 Bladestorm
2 Mirror Image
» actions
| Assign group hotkey | 38 | |
| Basic commands | 21 | |
| Build / train | 109 | |
| ESC pressed | 2 | |
| Enter build submenu | 54 | |
| Enter hero's abilities submenu | 9 | |
| Give item / drop item | 5 | |
| Right click | 1975 | |
| Select / deselect | 575 | |
| Select group hotkey | 1075 | |
| Use ability | 338 | |
4201 total
» units
| Peon | 20 | |
| Troll Batrider | 29 | |
| Wind Rider | 2 | |
| Goblin Sapper | 4 | |
| Goblin Zeppelin | 4 | |
| Blue Dragon | 1 | |
| Blue Drake | 1 | |
61 total
» upgrades
| Liquid Fire | 1 | |
| Reinforced Defenses | 1 | |
| Ranged Weapons | 3 | |
| Envenomed Spears | 1 | |
| Armor | 3 | |
| Pillage | 1 | |
| Spiked Barricades | 1 | |
11 total
» buildings
| Altar of Storms | 1 | |
| Orc Burrow | 15 | |
| War Mill | 2 | |
| Voodoo Lounge | 5 | |
| Stronghold | 3 | |
| Watch Tower | 10 | |
| Beastiary | 7 | |
| Fortress | 1 | |
| Great Hall | 2 | |
46 total
» build order
00:09 Altar of Storms
00:14 Orc Burrow
01:35 War Mill
02:07 Voodoo Lounge
02:16 Voodoo Lounge
02:38 Stronghold
02:38 Stronghold
03:12 Orc Burrow
03:25 Watch Tower
03:26 Watch Tower
03:48 Watch Tower
04:12 Watch Tower
04:15 Orc Burrow
05:25 Beastiary
05:53 Beastiary
06:28 Fortress
06:44 Orc Burrow
08:02 Voodoo Lounge
08:42 Great Hall
09:32 Watch Tower
09:33 Watch Tower
10:13 Watch Tower
10:14 Watch Tower
11:16 Orc Burrow
11:31 Beastiary
13:58 Beastiary
13:59 Beastiary
15:47 Orc Burrow
15:47 Orc Burrow
15:49 Orc Burrow
31:15 Great Hall
31:23 Watch Tower
31:24 Watch Tower
47:00 Voodoo Lounge
49:12 Orc Burrow
49:16 Orc Burrow
49:17 Orc Burrow
49:17 Orc Burrow
53:56 Stronghold
54:00 Orc Burrow
54:02 Orc Burrow
54:02 Orc Burrow
54:06 War Mill
56:27 Voodoo Lounge
56:35 Beastiary
56:36 Beastiary
» items
| Healing Salve | 5 | |
| Lesser Clarity Potion | 8 | |
| Scroll of Speed | 1 | |
| Staff of Teleportation | 1 | |
| Boots of Speed | 1 | |
| Circlet of Nobility | 3 | |
| Potion of Invisibility | 1 | |
| Orb of Lightning | 1 | |
| Potion of Healing | 1 | |
22 total
F0R3NZIK (
green | 43 APM | 3088 actions | 72:09)
9 Priestess of the Moon
3 Searing Arrows
3 Trueshot Aura
2 Scout
1 Starfall
7 Keeper of the Grove
3 Entangling Roots
1 Thorns Aura
2 Force of Nature
1 Tranquility
4 Naga Sea Witch
2 Forked Lightning
2 Frost Arrows
» actions
| Build / train | 220 | |
| Enter build submenu | 38 | |
| Enter hero's abilities submenu | 21 | |
| Right click | 1826 | |
| Select / deselect | 818 | |
| Use ability | 165 | |
3088 total
» units
| Wisp | 48 | |
| Archer | 27 | |
| Huntress | 18 | |
| Dryad | 79 | |
| Goblin Zeppelin | 1 | |
173 total
» upgrades
| Strength of the Moon | 3 | |
| Moon Armor | 1 | |
| Abolish Magic | 1 | |
| Strength of the Wild | 3 | |
| Reinforced Hides | 3 | |
| Upgrade Moon Glaive | 1 | |
12 total
» buildings
| Moon Well | 10 | |
| Altar of Elders | 2 | |
| Ancient of War | 2 | |
| Hunter's Hall | 2 | |
| Ancient of Wonders | 1 | |
| Tree of Life | 6 | |
| Tree of Ages | 6 | |
| Ancient of Lore | 2 | |
| Tree of Eternity | 1 | |
| Ancient Protector | 6 | |
38 total
» build order
01:29 Moon Well
01:32 Moon Well
01:53 Altar of Elders
02:38 Moon Well
02:39 Ancient of War
02:58 Ancient of War
03:44 Moon Well
03:50 Hunter's Hall
04:14 Ancient of Wonders
07:51 Tree of Life
08:19 Tree of Ages
08:19 Tree of Ages
11:42 Ancient of Lore
11:47 Ancient of Lore
12:43 Tree of Eternity
12:47 Moon Well
12:49 Moon Well
26:30 Tree of Life
27:59 Tree of Life
32:46 Tree of Life
39:15 Tree of Life
39:18 Ancient Protector
39:20 Ancient Protector
39:23 Ancient Protector
41:03 Ancient Protector
41:39 Ancient Protector
44:46 Tree of Ages
49:10 Tree of Ages
49:14 Hunter's Hall
49:23 Tree of Life
51:13 Ancient Protector
58:16 Moon Well
58:18 Moon Well
58:19 Moon Well
58:20 Moon Well
61:39 Altar of Elders
» items
| Scroll of Town Portal | 4 | |
| Healing Salve | 1 | |
5 total
team 2 (loser)
simmsp (
purple | 42 APM | 2833 actions | 67:26)
8 Archmage
3 Summon Water Elemental
1 Blizzard
3 Brilliance Aura
1 Mass Teleport
1 Paladin
1 Resurrection
» actions
| Build / train | 153 | |
| Enter build submenu | 53 | |
| Enter hero's abilities submenu | 9 | |
| Remove unit from queue | 3 | |
| Right click | 1469 | |
| Select / deselect | 969 | |
| Use ability | 177 | |
2833 total
» units
| Peasant | 18 | |
| Footman | 5 | |
| Priest | 8 | |
| Siege Engine | 30 | |
| Knight | 3 | |
| Mortar Team | 9 | |
| Goblin Zeppelin | 1 | |
74 total
» upgrades
| Plating | 3 | |
| Gunpowder | 3 | |
| Masonry | 3 | |
| Lumber Harvesting | 2 | |
| Magic Sentry | 1 | |
| Barrage | 1 | |
| Priest Training | 2 | |
| Flare | 1 | |
| Backpack | 1 | |
17 total
» buildings
| Farm | 18 | |
| Altar of Kings | 3 | |
| Barracks | 1 | |
| Lumber Mill | 1 | |
| Blacksmith | 2 | |
| Keep | 3 | |
| Arcane Vault | 2 | |
| Scout Tower | 13 | |
| Arcane Tower | 3 | |
| Guard Tower | 9 | |
| Castle | 2 | |
| Arcane Sanctum | 1 | |
| Workshop | 3 | |
| Town Hall | 1 | |
62 total
» build order
01:35 Farm
01:42 Altar of Kings
01:51 Barracks
01:57 Farm
02:30 Lumber Mill
02:36 Blacksmith
02:40 Farm
03:26 Keep
03:27 Keep
03:46 Arcane Vault
03:51 Scout Tower
03:59 Arcane Vault
04:20 Scout Tower
04:22 Arcane Tower
04:33 Scout Tower
05:43 Guard Tower
06:12 Castle
06:16 Arcane Sanctum
06:20 Workshop
06:30 Scout Tower
07:26 Guard Tower
08:13 Farm
09:13 Farm
11:22 Farm
11:25 Workshop
11:28 Farm
11:57 Scout Tower
13:01 Farm
13:13 Arcane Tower
16:36 Scout Tower
16:39 Scout Tower
17:36 Guard Tower
17:42 Guard Tower
19:04 Farm
22:56 Farm
29:47 Town Hall
30:24 Scout Tower
30:27 Scout Tower
31:06 Guard Tower
31:07 Guard Tower
33:53 Workshop
43:02 Altar of Kings
45:13 Farm
48:07 Farm
48:10 Scout Tower
49:03 Guard Tower
49:06 Scout Tower
49:13 Scout Tower
49:20 Scout Tower
49:51 Guard Tower
49:52 Arcane Tower
49:57 Guard Tower
53:08 Keep
53:54 Farm
53:56 Farm
53:59 Farm
54:02 Farm
55:30 Blacksmith
57:23 Farm
57:26 Farm
61:01 Castle
65:03 Altar of Kings
» items
| Scroll of Regeneration | 3 | |
| Potion of Healing | 3 | |
| Orb of Fire | 1 | |
| Mechanical Critter | 10 | |
| Scroll of Town Portal | 10 | |
| Lesser Clarity Potion | 2 | |
| Potion of Mana | 1 | |
30 total
lt.Shipwreck (
blue | 25 APM | 1816 actions | 72:09)
8 Death Knight
3 Unholy Aura
3 Death Coil
1 Animate Dead
1 Death Pact
1 Dreadlord
1 Vampiric Aura
» actions
| Basic commands | 2 | |
| Build / train | 148 | |
| Enter build submenu | 49 | |
| Enter hero's abilities submenu | 9 | |
| Give item / drop item | 6 | |
| Remove unit from queue | 2 | |
| Right click | 695 | |
| Select / deselect | 721 | |
| Use ability | 184 | |
1816 total
» units
| Acolyte | 26 | |
| Ghoul | 10 | |
| Crypt Fiend | 13 | |
| Goblin Zeppelin | 4 | |
| Frost Wyrm | 7 | |
| Gargoyle | 6 | |
| Obsidian Statue | 2 | |
| Abomination | 3 | |
71 total
» upgrades
| Creature Attack | 3 | |
| Creature Carapace | 3 | |
| Burrow | 1 | |
| Web | 1 | |
| Freezing Breath | 1 | |
| Ghoul Frenzy | 1 | |
| Unholy Armor | 3 | |
| Unholy Strength | 3 | |
| Cannibalize | 1 | |
| Stone Form | 1 | |
| Backpack | 1 | |
| Disease Cloud | 1 | |
20 total
» buildings
| Ziggurat | 17 | |
| Crypt | 2 | |
| Graveyard | 1 | |
| Altar of Darkness | 1 | |
| Tomb of Relics | 3 | |
| Nerubian Tower | 6 | |
| Halls of the Dead | 1 | |
| Spirit Tower | 11 | |
| Necropolis | 4 | |
| Black Citadel | 1 | |
| Sacrificial Pit | 1 | |
| Boneyard | 5 | |
| Slaughterhouse | 3 | |
| Arcane Vault | 1 | |
57 total
» build order
00:08 Ziggurat
00:23 Crypt
00:56 Ziggurat
01:12 Graveyard
01:22 Altar of Darkness
02:07 Tomb of Relics
02:23 Ziggurat
02:54 Crypt
03:37 Nerubian Tower
05:48 Halls of the Dead
06:15 Spirit Tower
07:49 Necropolis
07:52 Ziggurat
07:57 Ziggurat
10:34 Ziggurat
10:38 Spirit Tower
10:40 Nerubian Tower
10:57 Black Citadel
11:09 Sacrificial Pit
11:55 Tomb of Relics
11:56 Nerubian Tower
12:00 Ziggurat
12:55 Spirit Tower
13:42 Boneyard
13:47 Boneyard
13:50 Boneyard
14:34 Spirit Tower
14:37 Ziggurat
14:41 Ziggurat
16:54 Necropolis
18:44 Tomb of Relics
21:28 Spirit Tower
21:30 Spirit Tower
23:21 Boneyard
23:26 Boneyard
26:45 Necropolis
27:45 Ziggurat
27:47 Ziggurat
29:07 Necropolis
31:07 Ziggurat
31:59 Spirit Tower
32:02 Ziggurat
32:04 Ziggurat
32:29 Spirit Tower
32:31 Nerubian Tower
32:55 Nerubian Tower
32:57 Spirit Tower
33:02 Ziggurat
33:55 Nerubian Tower
33:59 Ziggurat
34:03 Ziggurat
34:51 Spirit Tower
34:55 Spirit Tower
48:58 Slaughterhouse
49:04 Slaughterhouse
49:09 Slaughterhouse
67:57 Arcane Vault
» items
| Sacrificial Skull | 1 | |
| Rod of Necromancy | 1 | |
| Boots of Speed | 1 | |
| Scroll of Town Portal | 11 | |
| Dust of Appearance | 1 | |
| Potion of Healing | 5 | |
| Orb of Corruption | 1 | |
| Scroll of Healing | 3 | |
| Staff of Teleportation | 1 | |
25 total
TheFatCongealed (
yellow | 146 APM | 8487 actions | 58:09)
10 Archmage
3 Summon Water Elemental
3 Brilliance Aura
1 Mass Teleport
3 Blizzard
» actions
| Assign group hotkey | 339 | |
| Basic commands | 853 | |
| Build / train | 165 | |
| ESC pressed | 20 | |
| Enter build submenu | 83 | |
| Enter hero's abilities submenu | 10 | |
| Give item / drop item | 1 | |
| Right click | 3562 | |
| Select / deselect | 1561 | |
| Select group hotkey | 1568 | |
| Use ability | 321 | |
8487 total
» units
| Peasant | 31 | |
| Footman | 6 | |
| Mortar Team | 16 | |
| Goblin Shredder | 3 | |
| Flying Machine | 16 | |
| Gryphon Rider | 8 | |
| Dragonhawk Rider | 1 | |
| Sorceress | 1 | |
| Siege Engine | 1 | |
| Goblin Zeppelin | 3 | |
86 total
» upgrades
| Masonry | 3 | |
| Magic Sentry | 1 | |
| Flare | 1 | |
| Fragmentation Shards | 1 | |
| Flak Cannons | 1 | |
| Barrage | 1 | |
| Gunpowder | 3 | |
| Plating | 3 | |
| Armor | 3 | |
| Sorceress Training | 1 | |
| Priest Training | 1 | |
| Animal War Training | 1 | |
| Lumber Harvesting | 2 | |
| Swords | 1 | |
| Storm Hammers | 1 | |
| Cloud | 1 | |
25 total
» buildings
| Barracks | 1 | |
| Farm | 16 | |
| Altar of Kings | 1 | |
| Lumber Mill | 9 | |
| Scout Tower | 45 | |
| Arcane Tower | 3 | |
| Guard Tower | 25 | |
| Arcane Vault | 1 | |
| Keep | 1 | |
| Town Hall | 3 | |
| Blacksmith | 3 | |
| Arcane Sanctum | 1 | |
| Workshop | 6 | |
| Castle | 1 | |
| Gryphon Aviary | 3 | |
119 total
» build order
00:20 Barracks
00:34 Farm
00:36 Farm
00:50 Altar of Kings
01:18 Lumber Mill
01:47 Farm
02:05 Scout Tower
02:12 Scout Tower
02:14 Scout Tower
02:37 Arcane Tower
02:43 Arcane Tower
02:47 Guard Tower
03:17 Scout Tower
03:47 Guard Tower
03:54 Arcane Vault
04:13 Farm
04:32 Keep
05:05 Farm
06:57 Scout Tower
06:58 Scout Tower
07:19 Town Hall
07:21 Blacksmith
07:24 Blacksmith
07:26 Farm
07:36 Farm
07:48 Guard Tower
08:07 Scout Tower
08:08 Scout Tower
08:09 Scout Tower
08:09 Scout Tower
08:11 Scout Tower
08:11 Scout Tower
08:28 Arcane Sanctum
08:36 Workshop
08:37 Workshop
08:37 Workshop
08:43 Guard Tower
08:43 Guard Tower
08:56 Guard Tower
08:56 Guard Tower
09:11 Guard Tower
09:12 Guard Tower
09:41 Guard Tower
09:42 Arcane Tower
09:48 Workshop
09:49 Workshop
10:33 Farm
11:27 Castle
11:29 Workshop
12:23 Blacksmith
13:26 Lumber Mill
13:28 Lumber Mill
13:30 Farm
13:33 Scout Tower
13:34 Scout Tower
13:35 Scout Tower
13:49 Scout Tower
15:00 Farm
15:00 Farm
18:33 Farm
23:00 Lumber Mill
23:01 Lumber Mill
23:14 Farm
23:20 Scout Tower
23:20 Scout Tower
23:21 Scout Tower
23:21 Scout Tower
23:50 Scout Tower
23:51 Scout Tower
23:51 Scout Tower
23:52 Scout Tower
23:53 Scout Tower
23:58 Town Hall
24:22 Guard Tower
24:22 Guard Tower
25:05 Farm
25:54 Gryphon Aviary
25:54 Gryphon Aviary
27:17 Gryphon Aviary
27:41 Farm
27:45 Farm
27:57 Town Hall
28:06 Scout Tower
28:06 Scout Tower
28:08 Scout Tower
28:09 Scout Tower
28:09 Scout Tower
28:10 Scout Tower
28:11 Scout Tower
28:12 Scout Tower
28:12 Scout Tower
28:14 Scout Tower
28:14 Scout Tower
28:15 Scout Tower
28:42 Guard Tower
28:50 Guard Tower
29:21 Guard Tower
29:54 Guard Tower
38:10 Lumber Mill
38:12 Lumber Mill
38:13 Lumber Mill
38:22 Lumber Mill
39:19 Scout Tower
39:19 Scout Tower
39:21 Scout Tower
39:22 Scout Tower
39:26 Scout Tower
39:27 Scout Tower
39:29 Scout Tower
39:47 Guard Tower
40:30 Guard Tower
» items
| Lesser Clarity Potion | 2 | |
| Scroll of Regeneration | 2 | |
| Orb of Corruption | 1 | |
| Scroll of Town Portal | 1 | |
| Boots of Speed | 1 | |
| Staff of Teleportation | 1 | |
8 total
Ian.Malcolm. (
pink | 27 APM | 906 actions | 32:58)
5 Archmage
3 Summon Water Elemental
2 Brilliance Aura
6 Paladin
1 Holy Light
2 Divine Shield
3 Devotion Aura
» actions
| Basic commands | 163 | |
| Build / train | 112 | |
| Enter build submenu | 41 | |
| Enter hero's abilities submenu | 11 | |
| Give item / drop item | 1 | |
| Remove unit from queue | 1 | |
| Right click | 5 | |
| Select / deselect | 456 | |
| Use ability | 116 | |
906 total
» units
| Peasant | 19 | |
| Footman | 10 | |
| Knight | 13 | |
| Gryphon Rider | 8 | |
50 total
» upgrades
| Masonry | 3 | |
| Plating | 3 | |
| Swords | 3 | |
| Lumber Harvesting | 2 | |
| Animal War Training | 1 | |
| Armor | 3 | |
| Storm Hammers | 1 | |
16 total
» buildings
| Farm | 13 | |
| Altar of Kings | 1 | |
| Barracks | 2 | |
| Scout Tower | 15 | |
| Lumber Mill | 1 | |
| Arcane Tower | 5 | |
| Arcane Vault | 2 | |
| Blacksmith | 1 | |
| Keep | 1 | |
| Town Hall | 1 | |
| Guard Tower | 10 | |
| Castle | 1 | |
| Gryphon Aviary | 3 | |
56 total
» build order
00:07 Farm
00:12 Altar of Kings
00:45 Farm
01:21 Barracks
01:27 Farm
01:52 Scout Tower
02:14 Lumber Mill
02:27 Arcane Tower
02:38 Arcane Vault
03:37 Farm
03:49 Scout Tower
04:04 Blacksmith
04:19 Farm
04:22 Arcane Tower
05:06 Farm
05:19 Keep
06:21 Town Hall
06:25 Scout Tower
06:54 Arcane Tower
08:42 Scout Tower
09:11 Guard Tower
09:14 Scout Tower
10:14 Arcane Tower
10:16 Scout Tower
10:19 Castle
10:50 Guard Tower
11:51 Barracks
11:55 Scout Tower
12:53 Guard Tower
12:55 Scout Tower
13:28 Guard Tower
13:31 Scout Tower
14:39 Arcane Tower
15:58 Farm
16:01 Farm
16:12 Gryphon Aviary
16:42 Farm
17:12 Scout Tower
17:25 Arcane Vault
17:30 Scout Tower
18:07 Guard Tower
18:11 Scout Tower
18:13 Guard Tower
18:19 Scout Tower
18:53 Guard Tower
19:15 Guard Tower
19:31 Gryphon Aviary
19:58 Scout Tower
20:03 Scout Tower
20:30 Guard Tower
20:45 Guard Tower
21:17 Farm
21:51 Gryphon Aviary
23:27 Farm
24:35 Farm
28:03 Farm
» items
| Scroll of Regeneration | 1 | |
| Potion of Healing | 3 | |
| Scroll of Town Portal | 4 | |
| Potion of Mana | 3 | |
| Orb of Fire | 3 | |
| Lesser Clarity Potion | 1 | |
15 total
Chat log
(00:05 / All) OldCrystalbark: yusss :P
(00:08 / All) TheFatCongealed: HEY GREEEEEEEEEEEEEEEEEEEEN
(00:10 / Allies) OldCrystalbark: tower vs tower game? lol
(00:11 / All) TheFatCongealed: U SEXY?
(00:27 / All) TheFatCongealed: HEY GREEEEEEEEEEEEEEEEEEEN
(00:29 / All) TheFatCongealed: WHY NO TALK? :(
(00:43 / Allies) OldCrystalbark: starshaped, hes going to tower the chokes, shall we do a tower vs tower game?
(00:53 / All) TheFatCongealed: HEY GREEEEEEEEEEEEEEEEEN
(00:53 / Allies) RICK_PERRY_LOL: ima batmaster
(00:56 / All) TheFatCongealed: U WERE SO CHATTY LAST GAME
(00:59 / Allies) OldCrystalbark: that a no?
(01:01 / All) Ian.Malcolm.: yellow
(01:04 / All) Ian.Malcolm.: shut the fuck up
(01:05 / All) TheFatCongealed: YOU WERE A CHATTY CATHY
(01:06 / Allies) RICK_PERRY_LOL: do what u want
(01:10 / All) OldCrystalbark: LOL PINK
(01:10 / All) TheFatCongealed: Shut up, idiot.
(01:20 / Allies) OldCrystalbark: you to tower up our chokes too
(01:27 / All) TheFatCongealed: Stab me so I can kill you and take your base, you prick.
(01:40 / All) F0R3NZIK: where my thugs at
(02:40 / All) TheFatCongealed: btw flamesuck
(02:42 / All) TheFatCongealed: i domate u in fours
(02:55 / All) RICK_PERRY_LOL: who r u
(03:03 / All) TheFatCongealed: your wart's nightmare
(03:04 / All) lt.Shipwreck: Ron Paul
(03:08 / All) F0R3NZIK: HE SAID HE FUCKED YOUR MOM
(03:10 / All) F0R3NZIK: I HEARD GIM
(03:46 / All) TheFatCongealed: fuckface
(03:56 / All) TheFatCongealed: lol
(04:01 / All) F0R3NZIK: YELLOW SAID YOU NOTHING BUT A PEON
(04:55 / All) F0R3NZIK: I AM WAR
(04:58 / Allies) RICK_PERRY_LOL: wood plz
(05:11 / All) Ian.Malcolm.: you're a bitch
(05:12 / All) TheFatCongealed: he was drunk last game too
(05:14 / All) F0R3NZIK: I AM DEATH
(05:15 / All) TheFatCongealed: i presume that hasn't changed
(05:23 / All) F0R3NZIK: I AM PINK'S WORST ENEMY
(05:26 / All) TheFatCongealed: lol
(05:31 / All) F0R3NZIK: =D
(05:47 / All) F0R3NZIK: WHOS DRUNK YELLOW?
(05:52 / All) F0R3NZIK: DONT TELL ME YOU WERE RED?
(06:17 / All) F0R3NZIK: YO YELLOW
(06:21 / All) F0R3NZIK: WER EU RED LAST GAME?
(06:24 / All) TheFatCongealed: Uh, yes.
(06:33 / All) F0R3NZIK: HMM
(06:35 / All) F0R3NZIK: LOL
(06:40 / All) F0R3NZIK: I DONT BLEIEVE YOU
(06:48 / All) F0R3NZIK: DID I PLAY WITH U LAST GAME?
(06:50 / All) TheFatCongealed: Yes.
(06:55 / All) F0R3NZIK: ARE YOU REDDDDD?
(07:10 / Allies) OldCrystalbark: they've creeped mid already
(07:18 / All) RICK_PERRY_LOL: damn delay
(07:21 / All) Ian.Malcolm.: fagat ass blade master
(07:28 / All) F0R3NZIK: YELLOWWWWWW
(07:39 / Allies) RICK_PERRY_LOL: someone creep dat
(07:42 / Allies) OldCrystalbark: omw
(08:00 / Allies) MulletInAction: wood plz
(08:08 / Allies) OldCrystalbark: *shaped what do you want me to get
(08:14 / Allies) RICK_PERRY_LOL: w/e
(08:19 / All) TheFatCongealed: Fucking proxy shop.
(08:19 / All) TheFatCongealed: Gtfo
(08:20 / Allies) RICK_PERRY_LOL: im just gonna amss bats
(08:38 / All) F0R3NZIK: YELLOW
(08:40 / All) F0R3NZIK: IMA KILL U
(08:43 / All) F0R3NZIK: I AM WAR
(08:46 / All) F0R3NZIK: I AM ALL THAT IS EVIL
(08:52 / All) F0R3NZIK: I AM UR DAD =D
(09:07 / All) F0R3NZIK: I TOLD UY I WANT REMATCH
(09:10 / All) F0R3NZIK: I DIDNT AfK THIS GAME
(09:13 / All) F0R3NZIK: NOW UR DEAD
(09:30 / All) TheFatCongealed: Can't touch this.
(09:40 / All) F0R3NZIK: I GOT VISUAL
(10:33 / Allies) MulletInAction: lets creep reds
(10:38 / All) Ian.Malcolm.: run, bitch
(10:49 / All) RICK_PERRY_LOL: manner up
(10:53 / All) F0R3NZIK: YELLOW GOIN MORTARS AGAIN
(10:56 / All) F0R3NZIK: I KNOW HIS STRATEGY
(11:15 / Allies) MulletInAction: creeps reds?
(11:16 / Allies) OldCrystalbark: omw oj
(11:43 / Allies) MulletInAction: not that one
(11:47 / Allies) MulletInAction: side ones first
(12:07 / Allies) OldCrystalbark: i want to lose my units here
(12:12 / All) TheFatCongealed: You for real, Teelo?
(12:17 / Allies) F0R3NZIK: YELLOW GOIN MORTARS
(12:20 / Allies) F0R3NZIK: HE DID IT LAST GAME
(13:12 / Allies) RICK_PERRY_LOL: gold/wood plz
(13:35 / All) RICK_PERRY_LOL: sup son
(13:46 / All) TheFatCongealed: lol
(14:02 / Allies) F0R3NZIK: YELLOW IS GAY
(14:45 / All) TheFatCongealed: It's been a while since I played a competent Orc.
(14:50 / All) TheFatCongealed: Nothing's changed with Flamestruck playing, obviously.
(15:01 / All) RICK_PERRY_LOL: gaaaddo
(16:22 / Allies) F0R3NZIK: YELL
(16:23 / All) F0R3NZIK: YELLOW
(16:27 / All) F0R3NZIK: HOWS UR LOSS THIS GAME BOY?
(16:34 / All) F0R3NZIK: IM NOT AFK THIS TIME
(17:03 / Allies) MulletInAction: purp tanks
(17:09 / Allies) MulletInAction: swtiching to just bears
(17:38 / Allies) RICK_PERRY_LOL: wood
(18:17 / All) RICK_PERRY_LOL: this game sucks
(18:24 / All) Ian.Malcolm.: bc you're a fag
(19:02 / All) F0R3NZIK: INCOMPETANT FOOLS
(19:08 / All) TheFatCongealed: It's "incompetent".
(19:14 / All) F0R3NZIK: WHATEVER
(22:04 / Allies) OldCrystalbark: suicide your bats retard
(22:20 / Allies) OldCrystalbark: oh sorry flamestruck
(22:20 / Allies) OldCrystalbark: thats you
(22:21 / Allies) OldCrystalbark: nvm
(22:41 / All) TheFatCongealed: Green?
(23:49 / All) Ian.Malcolm.: red
(23:51 / All) Ian.Malcolm.: you suck
(23:54 / All) TheFatCongealed: I call obs.
(23:56 / All) TheFatCongealed: I want to watch.
(24:00 / All) OldCrystalbark: I call obs too
(24:05 / All) TheFatCongealed: Red would beat you without losing a unit.
(24:08 / All) OldCrystalbark: pink vs red 1v1
(28:02 / All) TheFatCongealed: Fun game.
(28:13 / All) OldCrystalbark: why is flamestruck not talking
(28:16 / Allies) F0R3NZIK: I BE THAT NIGGA ON ALERT
(28:22 / All) F0R3NZIK: WHERE MY THUGS AT
(28:24 / All) RICK_PERRY_LOL: hi
(28:33 / All) lt.Shipwreck: faggot
(28:40 / All) RICK_PERRY_LOL: manners
(28:50 / All) lt.Shipwreck: you have none
(29:01 / All) TheFatCongealed: He doesn't need manners.
(29:09 / All) TheFatCongealed: He's one of the one-thousand best Warcraft III players
(29:13 / All) TheFatCongealed: in Sweden
(29:22 / All) RICK_PERRY_LOL: yeah
(29:24 / Allies) F0R3NZIK: WHERE MY THUG NIGGAS AT
(29:26 / All) RICK_PERRY_LOL: so wise up
(29:28 / All) F0R3NZIK: WHER EMY THUG NIGGAS AT
(29:31 / All) F0R3NZIK: BUSTIN HEADS
(30:44 / All) F0R3NZIK: FUCK OUT MY BASE
(31:27 / Allies) MulletInAction: wtf red
(31:32 / Allies) MulletInAction: i cleared that for me
(31:41 / Allies) OldCrystalbark: IM SORRY I THOUGHT THIS WAS A TEAM GAME
(31:46 / Allies) RICK_PERRY_LOL: there is no i in team
(32:11 / Allies) RICK_PERRY_LOL: gold me
(32:12 / All) F0R3NZIK: I SAID GET TYHE FUCVK OUT MY BASE
(32:13 / Allies) RICK_PERRY_LOL: for batties
(32:42 / All) F0R3NZIK: YAYA FOR EXPERIENCE
(33:02 / All) RICK_PERRY_LOL: so hes building a tree next to my hall
(33:07 / All) TheFatCongealed: Pink just called us niggers and left.
(33:09 / All) RICK_PERRY_LOL: cuz he "cleared the expo for myself"
(33:14 / All) F0R3NZIK: U ARE NIGGERS
(33:16 / All) F0R3NZIK: I RAPE DUR TEAM'
(33:18 / All) RICK_PERRY_LOL: i missed this aspect of RT
(33:21 / All) F0R3NZIK: I WENT ALL ONE CUZ UR NOOBS
(33:22 / All) TheFatCongealed: lol
(33:37 / All) F0R3NZIK: THX TO U NOOBS
(33:40 / All) F0R3NZIK: IMA STARFLAL UR ASSES
(34:31 / Allies) MulletInAction: tp out
(34:39 / Allies) OldCrystalbark: dont have one
(36:27 / Allies) MulletInAction: ps i have no gold income bcause or red
(36:45 / Allies) MulletInAction: i build tree and i have no more gold
(36:55 / All) TheFatCongealed: Seriously, awesome game.
(37:03 / Allies) MulletInAction: ty
(37:06 / Allies) F0R3NZIK: WHO NEED GOLD
(37:08 / Allies) F0R3NZIK: I HELP GOLD
(37:28 / Allies) F0R3NZIK: YO CRYSTAL
(37:32 / Allies) F0R3NZIK: SHARE UNIT REAL QUICK
(37:35 / Allies) F0R3NZIK: SO I CAN GET TAVERN HERO
(37:55 / Allies) F0R3NZIK: OK
(37:55 / Allies) F0R3NZIK: DONE
(37:56 / Allies) F0R3NZIK: THX
(39:00 / All) TheFatCongealed: lol you're kicking yourself for teaching me the lumber mill thing
(39:01 / All) TheFatCongealed: Aren't you
(39:06 / Allies) F0R3NZIK: W
(39:08 / All) F0R3NZIK: WHOP WHAT?
(39:12 / All) RICK_PERRY_LOL: ^^
(39:16 / All) OldCrystalbark: HES NOT TALKING TO YOU GREEN
(39:25 / All) F0R3NZIK: ?
(39:27 / All) F0R3NZIK: DONT CARE
(39:31 / Allies) MulletInAction: green wtf
(40:45 / All) F0R3NZIK: SCOUTING NOW
(40:46 / Allies) MulletInAction: green red gold me since u both take my mines
(40:52 / All) TheFatCongealed: how did my hero die
(41:00 / Allies) RICK_PERRY_LOL: send chims there
(41:00 / Allies) RICK_PERRY_LOL: plz
(41:04 / All) RICK_PERRY_LOL: shadowstrike
(41:05 / All) RICK_PERRY_LOL: i guess
(41:10 / All) TheFatCongealed: FUCKKKK
(41:15 / Allies) OldCrystalbark: they keep stopping me with gyros
(41:24 / Allies) RICK_PERRY_LOL: i got batties
(41:52 / Allies) RICK_PERRY_LOL: go chim
(42:51 / All) F0R3NZIK: NOW U DIE BITCH
(43:36 / Allies) RICK_PERRY_LOL: use bof on those towers bro
(43:45 / Allies) OldCrystalbark: bof?
(43:53 / Allies) RICK_PERRY_LOL: ur panda
(44:20 / Allies) RICK_PERRY_LOL: target the altar
(44:21 / Allies) RICK_PERRY_LOL: green
(47:16 / All) TheFatCongealed: This game rules. Good god.
(47:32 / All) simmsp: Nice
(47:59 / Allies) RICK_PERRY_LOL: kill expo
(48:02 / Allies) OldCrystalbark: been trying
(48:04 / Allies) OldCrystalbark: they defend well
(48:55 / Allies) RICK_PERRY_LOL: dont run orange
(48:57 / Allies) RICK_PERRY_LOL: u can rape that
(49:08 / Allies) RICK_PERRY_LOL: go again
(49:17 / Allies) MulletInAction: this is all i got since u guys took my gold mines just healing then goin back
(49:42 / Allies) OldCrystalbark: flamestruck
(49:50 / Allies) OldCrystalbark: how do you propose i kill that expo with 3 dryads and 2 chims
(49:55 / All) F0R3NZIK: THIS IS ONE LONG ASS GAME
(49:55 / Allies) OldCrystalbark: vs gryphs fiends tanks
(52:12 / Allies) RICK_PERRY_LOL: yo green
(52:14 / Allies) RICK_PERRY_LOL: share control
(52:16 / Allies) RICK_PERRY_LOL: gotta buy a zep
(52:24 / Allies) RICK_PERRY_LOL: need wood
(52:25 / Allies) RICK_PERRY_LOL: plz
(52:26 / Allies) RICK_PERRY_LOL: for zep
(52:35 / Allies) RICK_PERRY_LOL: ty
(54:34 / All) TheFatCongealed: Alright, yeah, I got stuff I gotta go do.
(54:39 / All) TheFatCongealed: Awesome game, you guys won, though.
(54:45 / All) OldCrystalbark: we did?
(54:53 / All) TheFatCongealed: Nobody on this side has any gold.
(54:53 / Allies) MulletInAction: lol that what i was thinkin
(54:55 / All) OldCrystalbark: ive had no income for 20 minutes now
(54:58 / All) RICK_PERRY_LOL: i have like 5k gold
(55:00 / All) RICK_PERRY_LOL: öpö
(55:02 / All) RICK_PERRY_LOL: lol*
(55:14 / All) TheFatCongealed: Yeah, you guys can keep going and you have much better heroes for the late-game.
(55:41 / All) OldCrystalbark: hmm yeah I should buy another hero...
(56:36 / All) TheFatCongealed: Alright, yeah.
(56:40 / All) TheFatCongealed: I was proud to say I was a part of this game.
(56:41 / All) TheFatCongealed: Epic game.
(56:46 / All) F0R3NZIK: OWNED
(56:48 / All) RICK_PERRY_LOL: =)
(56:49 / All) F0R3NZIK: TOLD U IW AS GOOD YELLOW
(56:50 / All) F0R3NZIK: U CUNT
(56:56 / All) TheFatCongealed: Dude, you're the only reason the game was close.
(56:57 / All) OldCrystalbark: green vs yellow 1v1
(56:59 / All) OldCrystalbark: i call obs
(57:01 / All) TheFatCongealed: I leveled about seven times off your army.
(57:04 / All) F0R3NZIK: LOL
(57:07 / All) F0R3NZIK: AND I TO UR TEAM -D
(57:14 / All) F0R3NZIK: I LEVELED UR TEAM
(57:14 / All) TheFatCongealed: oh.
(57:15 / All) TheFatCongealed: Okay.
(57:17 / All) F0R3NZIK: AS WELL AS FEED MY TEAM
(57:19 / All) RICK_PERRY_LOL: anyone think they hot shit?
(57:23 / All) RICK_PERRY_LOL: 1v1 me RIGHT NOW
(57:24 / All) F0R3NZIK: JP
(57:26 / All) F0R3NZIK: LOVE U YELLOW
(57:28 / All) RICK_PERRY_LOL: i will have 70% handicap
(57:30 / All) F0R3NZIK: BEST GAME I EVER PLAYED
(57:31 / All) TheFatCongealed: Understood.
(57:31 / All) F0R3NZIK: HONESTLY
(57:31 / All) RICK_PERRY_LOL: you can pick my race
(57:34 / All) OldCrystalbark: RED VS GREEN 1v1 I CALL OBS
(57:34 / All) RICK_PERRY_LOL: you can pick map
(57:36 / All) RICK_PERRY_LOL: STEP OFF SON
(57:38 / All) TheFatCongealed: Seriously a fun game.
(57:44 / All) TheFatCongealed: I got shit I gotta go do, though.
(57:51 / All) TheFatCongealed: Sorry, purple.
(57:53 / All) TheFatCongealed: Forget it, purple.
(57:54 / All) TheFatCongealed: It's Random Team.
(58:01 / All) TheFatCongealed: Talk to you gu9ys later.
(58:05 / All) RICK_PERRY_LOL: cya cutie
(58:44 / All) simmsp: fuck
(58:51 / All) simmsp: was coming to get my tanks
(58:54 / All) simmsp: No manna
(59:32 / Allies) OldCrystalbark: lol are there even any mines left?
(60:41 / Allies) OldCrystalbark: nope, map is devoid of mines now
(60:58 / All) RICK_PERRY_LOL: lol
(61:03 / All) RICK_PERRY_LOL: i can deny your ultimate with my staff
(61:20 / Allies) OldCrystalbark: *shaped, what did I miss?
(61:26 / Allies) RICK_PERRY_LOL: ?
(62:39 / Allies) OldCrystalbark: yellows AM is dead
(62:42 / Allies) OldCrystalbark: kill his altar
(63:16 / Allies) F0R3NZIK: COME FOR HEAL ORANGE
(63:18 / Allies) F0R3NZIK: COME INTO HEAL
(63:33 / Allies) OldCrystalbark: kill yellows altar!!
(64:15 / Allies) F0R3NZIK: U GHOT IT
(64:17 / Allies) F0R3NZIK: I GOT NO TP
(64:18 / Allies) F0R3NZIK: U GOT IT?
(64:23 / Allies) OldCrystalbark: i have no tp either
(65:17 / Allies) F0R3NZIK: NO GOLD LEFT
(65:18 / Allies) F0R3NZIK: IM OUT
(65:20 / Allies) F0R3NZIK: GAME IS DONE
(65:24 / Allies) F0R3NZIK: ALL WE GOT IS UNITS
(65:25 / Allies) OldCrystalbark: we all are out of gold
(65:26 / Allies) F0R3NZIK: PLAYW ISE
(65:32 / All) lt.Shipwreck: hay red
(65:32 / Allies) F0R3NZIK: STAY NEAR ME
(65:36 / Allies) F0R3NZIK: I CAN HEAL AND STARFALL
(65:38 / Allies) F0R3NZIK: ATTACK TOGETHERR
(65:39 / All) lt.Shipwreck: you still have that one mine?
(65:41 / Allies) F0R3NZIK: HEAL IN MY SUPER
(65:54 / All) simmsp: gg
(65:58 / All) MulletInAction: gg
(66:10 / All) F0R3NZIK: HEAL UP
(66:20 / Allies) RICK_PERRY_LOL: item
(66:22 / All) lt.Shipwreck: wow all mines are gone
(66:23 / Allies) RICK_PERRY_LOL: if anyone wants
(67:24 / Allies) OldCrystalbark: lol gotta take out all of ghettos fucking towers
(67:31 / All) F0R3NZIK: LOL
(67:38 / All) F0R3NZIK: WE CANT LOSE UNITS
(67:40 / All) F0R3NZIK: NO MONEY LEFT
(67:41 / All) lt.Shipwreck: hit the mountain top plz
(67:46 / All) F0R3NZIK: LITERALLY GAME IS OUT
(67:48 / All) F0R3NZIK: DONT BE DUMB
(68:05 / All) OldCrystalbark: noones creeped mid yet, could creep that for gold
(68:12 / Allies) MulletInAction: yea
(68:22 / All) F0R3NZIK: HANG ON
(68:24 / All) F0R3NZIK: ILL SEND AN OWL
(68:26 / All) F0R3NZIK: SEE WHAT HE GOT
(68:42 / All) lt.Shipwreck: 4 feinds a mort some towersd a stat and a abom
(69:11 / Allies) OldCrystalbark: get back
(69:15 / Allies) OldCrystalbark: dont let the towers hit you
(69:58 / All) F0R3NZIK: RE DHAS 1.1K GOLD
(70:29 / All) lt.Shipwreck: last stand gg
(71:22 / All) RICK_PERRY_LOL: well
(71:24 / All) RICK_PERRY_LOL: was fun
(71:26 / All) lt.Shipwreck: gg
(71:27 / All) RICK_PERRY_LOL: cya guys
(71:28 / All) lt.Shipwreck: epic
(71:30 / All) OldCrystalbark: was long loooooooooooooong game
(71:31 / All) F0R3NZIK: EPOIC
(71:32 / All) OldCrystalbark: way too long
(71:33 / All) F0R3NZIK: INDEED
(71:36 / All) F0R3NZIK: EPIC IT WAS
(71:41 / All) F0R3NZIK: HOUR AND HALF GAme
(71:43 / All) F0R3NZIK: too long
(71:49 / All) OldCrystalbark: lol fuck that long?
(72:03 / All) lt.Shipwreck: HOLY SHIT
(72:07 / All) lt.Shipwreck: VERY LONG